 Dungeon Crawl Stone Soup version 0.29.0-15-g675c0067aa (webtiles) character file.

Game seed: 10666830162988828858

3157 greasedhog the Basher (level 9, 0/54 HPs)
             Began as a Gargoyle Wanderer on Sept 11, 2022.
             Was an Initiate of Qazlal.
             Slain by a cyclops (23 damage)
             ... on level 7 of the Dungeon.
             The game lasted 00:13:20 (8844 turns).

greasedhog the Basher (Gargoyle Wanderer)           Turns: 8844, Time: 00:13:21

Health: 0/54       AC: 28    Str: 21    XL:     9   Next: 93%
Magic:  9/9        EV: 10    Int: 16    God:    Qazlal [......]
Gold:   201        SH:  0    Dex: 14    Spells: 8/8 levels left

rFire   . . .      SeeInvis .   l - +1 whip (freeze)
rCold   + + .      Faith    .   (no shield)
rNeg    + . .      Spirit   .   x - +6 chain mail of the Volcano {Str-2 Int+6}
rPois   ∞          Reflect  .   q - +2 hat
rElec   +          Harm     .   j - +2 cloak "Yqot" {Str+3}
rCorr   .          Rampage  .   (no gloves)
Will    +....                   c - +0 pair of boots
Stlth   ..........              (no amulet)
HPRegen 0.18/turn               n - ring of willpower
MPRegen 0.11/turn               f - ring of protection from cold

@: no status effects
A: sickness immunity, AC +6, negative energy resistance 1, electricity
resistance, torment resistance 1, petrification resistance, cold resistance 1,
strong 1
a: Renounce Religion


You were on level 7 of the Dungeon.
You worshipped Qazlal.
Qazlal was noncommittal.
You visited 2 branches of the dungeon, and saw 8 of its levels.

You collected 390 gold pieces.
You spent 189 gold pieces at shops.

Inventory:

Hand Weapons
 l - a +1 whip of freezing (weapon)
 u - a +0 hand axe of flaming
Armour
 c - a +0 pair of boots (worn)
 j - the +2 cloak "Yqot" (worn) {Str+3}
   (You found it on level 2 of the Dungeon)

   Str:       It affects your strength (+3).
 q - a +2 hat (worn)
 x - the +6 chain mail of the Volcano (worn) {Str-2 Int+6}
   (You found it on level 7 of the Dungeon)

   Str:       It affects your strength (-2).
   Int:       It affects your intelligence (+6).
Jewellery
 a - a ring of willpower
 f - a ring of protection from cold (right hand)
 g - a ring of ice
 n - a ring of willpower (left hand)
 s - a ring of resist corrosion
Scrolls
 b - 3 scrolls of immolation
 d - 4 scrolls of vulnerability
 e - a scroll of enchant armour {unknown}
 i - 2 scrolls of teleportation
 o - 3 scrolls of butterflies
 v - a scroll of magic mapping
 w - a scroll of amnesia {unknown}
 y - a scroll of fear
Potions
 h - 4 potions of flight
 k - 2 potions of brilliance {unknown}
 m - 2 potions of degeneration {unknown}
 p - a potion of heal wounds {unknown}
 r - a potion of curing {unknown}


   Skills:
 - Level 5.0 Fighting
 * Level 9.1(9.3) Maces & Flails
 - Level 3.2(6.6) Staves
 - Level 5.3 Armour
 - Level 5.1 Dodging
 * Level 0.7 Invocations
 - Level 5.2 Evocations


You had 8 spell levels left.
You didn't know any spells.
Your spell library contained the following spells:

 Spells                   Type           Power      Damage    Failure   Level
 Slow                     Hex            0%         N/A       91%         1
 Sting                    Tmut/Pois      0%         1d3       91%         1
 Poisonous Vapours        Pois/Air       0%         N/A       97%         2
 Confusing Touch          Hex            0%         N/A       99%         3
 Summon Guardian Golem    Hex/Summ       0%         N/A       99%         3
 Tukima's Dance           Hex            0%         N/A       99%         3
 Vampiric Draining        Necr           0%         2d6       99%         3
 Olgreb's Toxic Radiance  Pois           0%         N/A       100%        4
 Passage of Golubria      Tloc           0%         N/A       100%        4
 Yara's Violent Unravell  Hex/Tmut       0%         3d3       100%        5
 Orb of Destruction       Conj           0%         9d5       100%        7
 Spellforged Servitor     Conj/Summ      0%         N/A       100%        7


Dungeon Overview and Level Annotations

Branches:
Dungeon (7/15)             Temple (1/1) D:7

Altars:
Ashenzari
Elyvilon
Gozag
Kikubaaqudgha
Nemelex Xobeh
Okawaru
Qazlal
Sif Muna
Trog
Uskayaw
Vehumet
Wu Jian
Xom
Yredelemnul
The Shining One

Shops:
D:3 (   D:4 [


Innate Abilities, Weirdness & Mutations

You are immune to sickness and miasma.
Your stone body is resilient. (AC +6)
You are immune to poison.
You resist negative energy. (rN+)
You are resistant to electric shocks. (rElec)
You are resistant to unholy torment.
You are immune to petrification.
Your flesh is cold resistant. (rC+)
Your muscles are strong. (Str +4, Int/Dex -1)


Message History

The scorpion is severely wounded.
The scorpion stings you but does no damage.
You closely miss the scorpion.
The scorpion is severely wounded.
The scorpion barely misses you.
You hit the scorpion but do no damage.
The scorpion is severely wounded.
You barely miss the scorpion.
The scorpion is severely wounded.
The scorpion stings you but does no damage.
You barely miss the scorpion.
The scorpion is severely wounded.
The scorpion barely misses you.
You hit the scorpion. You freeze the scorpion.
You kill the scorpion!
Qazlal accepts your kill.
You hit the cyclops but do no damage. You barely miss the cyclops.
You hit the cyclops but do no damage. The cyclops hits you!
You hit the cyclops but do no damage. You barely miss the cyclops.
The cyclops completely misses you.
You hit the cyclops. You freeze the cyclops.
The cyclops is lightly wounded.
You hit the cyclops but do no damage.
The cyclops is lightly wounded.
The cyclops hits you but does no damage.
You hit the cyclops. You freeze the cyclops.
The cyclops is lightly wounded.
You hit the cyclops but do no damage.
The cyclops is lightly wounded.
The cyclops hits you!
You whack the cyclops! You freeze the cyclops.
You punch the cyclops, but do no damage.
The cyclops is moderately wounded.
You barely miss the cyclops.
The cyclops is moderately wounded.
You hit the cyclops. You freeze the cyclops.
The cyclops is heavily wounded.
The cyclops hits you!!
You die...

##≈.......#
#≈.....#.##
#≈....##..#
##≈.....#..#
####≈≈........#
≈≈≈≈≈.........#
..............#
.......##.....#
.......#C@##.##
........†#####
.#......##
###......###
...........#
............#
.............#
..........C..#
.............#


You could see a cyclops.

Vanquished Creatures
  A steam dragon (D:5)
  Duvessa (D:5)
  3 water moccasins
  2 orc warriors (D:7)
  A sky beast (D:7)
  2 phantoms (D:5)
  3 bullfrogs
  Blork the orc (D:7)
  3 necrophages
  4 scorpions
  5 wights (D:6)
  Dowan (D:5)
  A howler monkey (D:6)
  3 hounds
  Ijyb (D:5)
  4 orc priests
  Crazy Yiuf (D:2)
  4 gnoll boudas
  8 iguanas
  4 orc wizards
  Robin (D:2)
  21 gnolls
  9 adders
  3 ufetubi
  4 worms
  3 dart slugs
  35 orcs
  7 ball pythons
  3 bats
  11 endoplasms
  8 giant cockroaches
  17 goblins
  10 hobgoblins
  9 kobolds
  7 quokkas
  3 frilled lizards
  7 rats
  A spectral orc (D:6)
212 creatures vanquished.

Vanquished Creatures (others)
  2 fungi (D:2)
2 creatures vanquished.

Grand Total: 214 creatures vanquished

Notes
Turn   | Place    | Note
-------+----------+-------------------------------------------
     0 | D:1      | greasedhog the Gargoyle Wanderer began the quest for the
                  | Orb.
     0 | D:1      | greasedhog set off with the following items: a +0
                  | quarterstaff, a tin of tremorstones (2/2), a +0 pair of
                  | boots, a scroll of vulnerability, a +0 leather armour.
     0 | D:1      | Reached XP level 1. HP: 12/12 MP: 1/1
   246 | D:1      | Reached XP level 2. HP: 16/16 MP: 2/2
   265 | D:1      | Reached skill level 1 in Maces & Flails
   772 | D:1      | Reached XP level 3. HP: 21/21 MP: 3/3
  1092 | D:2      | Identified the +2 cloak "Yqot" {Str+3}
  1171 | D:2      | Reached skill level 2 in Maces & Flails
  1296 | D:2      | Reached XP level 4. HP: 27/27 MP: 4/4
  1305 | D:2      | Noticed Robin
  1318 | D:2      | Killed Robin
  1925 | D:2      | Found a runed translucent door.
  1926 | D:2      | Noticed Crazy Yiuf
  2293 | D:2      | Killed Crazy Yiuf
  2294 | D:2      | Reached skill level 3 in Maces & Flails
  2294 | D:2      | Reached XP level 5. HP: 32/32 MP: 5/5
  2407 | D:3      | Found Cah Sapn's Weapon Emporium.
  3238 | D:4      | Reached XP level 6. HP: 37/39 MP: 6/6
  3307 | D:4      | Found a bloodstained altar of Trog.
  3360 | D:4      | Reached skill level 4 in Maces & Flails
  3571 | D:4      | Found Deys Zeruni's Antique Armour Emporium.
  3580 | D:4      | Bought an embroidered hat for 189 gold pieces
  3704 | D:4      | Reached skill level 5 in Fighting
  3887 | D:4      | Found a shimmering altar of Xom.
  4039 | D:4      | Reached skill level 1 in Armour
  4039 | D:4      | Reached XP level 7. HP: 43/44 MP: 7/7
  4073 | D:4      | Found an ancient bone altar of Kikubaaqudgha.
  4236 | D:5      | Entered Level 5 of the Dungeon
  4343 | D:5      | Reached skill level 5 in Maces & Flails
  4556 | D:5      | Noticed Duvessa
  4559 | D:5      | Noticed Dowan
  4577 | D:5      | Killed Duvessa
  4582 | D:5      | Killed Dowan
  4716 | D:5      | Gained mutation: Your flesh is cold resistant. (rC+)
                  | [potion of mutation]
  4716 | D:5      | Gained mutation: Your muscles are strong. (Str +4, Int/Dex
                  | -1) [potion of mutation]
  4874 | D:5      | Reached skill level 6 in Maces & Flails
  4874 | D:5      | Reached XP level 8. HP: 44/49 MP: 8/8
  5391 | D:5      | Noticed Ijyb
  5408 | D:5      | Killed Ijyb
  5816 | D:5      | Reached skill level 5 in Armour
  5947 | D:5      | Reached skill level 7 in Maces & Flails
  6283 | D:6      | Reached XP level 9. HP: 45/54 MP: 9/9
  6727 | D:6      | Noticed Blork the orc
  6799 | D:7      | Reached skill level 5 in Evocations
  7056 | D:7      | Killed Blork the orc
  7169 | D:6      | Reached skill level 8 in Maces & Flails
  7595 | D:6      | Found a basalt altar of Yredelemnul.
  8559 | D:7      | Found a staircase to the Ecumenical Temple.
  8579 | Temple   | Entered the Ecumenical Temple
  8655 | Temple   | Became a worshipper of Qazlal Stormbringer
  8730 | D:7      | Reached skill level 9 in Maces & Flails
  8730 | D:7      | Reached skill level 5 in Dodging
  8732 | D:7      | Identified the +6 chain mail of the Volcano {Str-2 Int+6}
  8816 | D:7      | Noticed a cyclops
  8844 | D:7      | Slain by a cyclops

Illustrated notes

Levels and vault maps discovered:
D:1:      elethiomel_arrival_infinity_welcomes_careful_drivers, layout_basic
D:2:      layout_loops_corners, minivault_25, uniq_crazy_yiuf_cottage,
          uniq_robin
D:3:      layout_loops_cross, serial_shops,
          nicolae_shop_temple_entry_statues_fountains, roderic_lattice_a
D:4:      wad_pebble_path, layout_cave_pods, old_standard_altar,
          mainiacjoe_overflow_alcove_1, trog_butcher_becter, serial_shops,
          nicolae_shop_waterfront, kennysheep_generic_room_15
D:5:      layout_loops_corners, minmay_misc_feat_four_crosses, uniq_duvessa,
          uniq_ijyb
D:6:      layout_rooms, yredelemnul_forgotten_temple_becter,
          grunt_ministairs_10, uniq_blork_the_orc
D:7:      layout_cave_pods, nicolae_overflow_hidden_temple,
          minmay_temple_entry_water_ring, minmay_misc_feat_five,
          nicolae_shop_i_like_big_books, grunt_ministairs_8,
          mrwooster_statue_mirror, st_stairs_6, kennysheep_decorative_pillar
Temple:   jpeg_temple_clearing

Skill      XL: |  1  2  3  4  5  6  7  8  9 |
---------------+----------------------------+-----
Maces & Flails | 1 2 3 4 6 7 9 |  9.1
Fighting       | 2 3 4 5 |  5.0
Armour         | 1 4 5 |  5.3
Dodging        | 2 5 |  5.1
Evocations     | 4 5 |  5.2
Staves         | |  3.2
Invocations    | |  0.7

Action                   |  1- 3 |  4- 6 |  7- 9 || total
-------------------------+-------+-------+-------++-------
Melee: Quarterstaff      |    84 |   189 |   160 ||   433
       Whip              |       |       |   530 ||   530
       Punch             |       |       |     5 ||     5
  Use: Scroll            |     5 |     4 |     4 ||    13
       Potion            |       |     1 |     2 ||     3
 Stab: Sleeping          |     1 |       |       ||     1
Armor: Leather armour    |    28 |       |       ||    28
       Chain mail        |     2 |   146 |    81 ||   229
       Skin              |       |     1 |       ||     1
       Ring mail         |       |       |   289 ||   289
Dodge: Dodged            |    50 |    71 |   342 ||   463
